 Dungeon Crawl Stone Soup version 0.29.1-1-gd02db6906a (webtiles) character file.

Game seed: 18360649777393090975

88 Aibolit the Shooter (level 4, -5/34 HPs)
             Began as a Human Hunter on Sept 24, 2022.
             Slain by Duvessa
             ... wielding a +0 rapier
              (11 damage)
             ... on level 4 of the Dungeon.
             The game lasted 00:04:26 (964 turns).

Aibolit the Shooter (Human Hunter)                   Turns: 964, Time: 00:04:27

Health: -5/34      AC:  3    Str: 11    XL:     4   Next: 81%
Magic:  4/4        EV: 12    Int: 15    God:
Gold:   30         SH:  0    Dex: 19    Spells: 3/3 levels left

rFire   . . .      SeeInvis .   a - +0 shortbow
rCold   . . .      Faith    .   (shield currently unavailable)
rNeg    . . .      Spirit   .   c - +0 leather armour
rPois   .          Reflect  .   (no helmet)
rElec   .          Harm     .   (no cloak)
rCorr   .          Rampage  .   (no gloves)
Will    .....                   (no boots)
Stlth   +.........              (no amulet)
HPRegen 0.11/turn               f - +6 ring of intelligence
MPRegen 0.09/turn               (no ring)

@: lit by a corona, glowing
A: no striking features
a: no special abilities


You were on level 4 of the Dungeon.
You visited 1 branch of the dungeon, and saw 3 of its levels.

You collected 30 gold pieces.

Inventory:

Hand Weapons
 a - a +0 shortbow (weapon)
 j - a +0 rapier
Missiles
 d - 4 javelins
Armour
 c - a +0 leather armour (worn)
Jewellery
 f - a +6 ring of intelligence (left hand)
Scrolls
 i - a scroll of teleportation {unknown}
Potions
 e - a potion of heal wounds {unknown}
 g - a potion of berserk rage {unknown}
 h - a potion of lignification {unknown}


   Skills:
 + Level 2.5 Fighting
 + Level 5.4 Ranged Weapons
 + Level 0.6 Armour
 + Level 2.0 Dodging
 + Level 1.0 Stealth


You had 3 spell levels left.
You didn't know any spells.
Your spell library contained the following spells:

 Spells                   Type           Power      Damage    Failure   Level
 Gell's Gravitas          Tloc           0%         N/A       71%         3
 Lesser Beckoning         Tloc           0%         N/A       71%         3
 Teleport Other           Tloc           0%         N/A       71%         3


Dungeon Overview and Level Annotations

Branches:
Dungeon (4/15)
 Temple: D:4-7

Altars:

Annotations:
D:4 Dowan, Duvessa


Message History

You shoot an arrow. The arrow hits Duvessa.
Duvessa is severely wounded.
Dowan gestures at you while chanting.
You are outlined in light.
Dowan says, "Stay away from my face!"
You shoot an arrow. The arrow hits Duvessa.
Duvessa is almost dead.
You shoot an arrow.
The arrow hits Duvessa but does no damage.
Duvessa is almost dead.
Duvessa hits you with a +0 rapier!
Dowan gestures at Duvessa while chanting.
Duvessa seems to speed up.
Duvessa hits you with a +0 rapier.
You are too injured to fight recklessly!
You are too injured to fight recklessly!
You are too injured to fight recklessly!
Read: scroll of immolation
Press: ? - help, Q - select action, (/) - cycle Dir - look around, f - activate Look: Duvessa, wielding a +0 rapier and wearing a +0 ring mail (almost dead, fast, susceptible)
As you read the scroll of immolation, it crumbles to dust.
The creatures around you are filled with an inner flame!
Duvessa hits you with a +0 rapier!
* * * LOW HITPOINT WARNING * * *
Really attack while wielding your +0 shortbow? [Y]es or [N]o only, please.
Really attack while wielding your +0 shortbow? [Y]es or [N]o only, please.
Really attack while wielding your +0 shortbow? [Y]es or [N]o only, please.
Really attack while wielding your +0 shortbow? [Y]es or [N]o only, please.
Really attack while wielding your +0 shortbow? [Y]es or [N]o only, please.
Really attack while wielding your +0 shortbow?
You clumsily bash Duvessa but do no damage.
Duvessa is almost dead.
Duvessa hits you with a +0 rapier.
* * * LOW HITPOINT WARNING * * *
Duvessa hits you with a +0 rapier!
You die...

...#...# ###...
...#...# #....#
.......# #..<.####
...#.#####.......#####
...+..................
...#.######......##
####.##.......e...#
.....##.........e.#
###...#.........@.#
~.PP..#...........#
~P~~~.#...........#
~~♣♣~P.#######'##.##
♣♣ ♣♣~~~...........#
~♣ ♣PP.P...........#
~♣ ♣♣~PP...........#
P♣♣♣PPP............#
~♣~♣~~..........†..#


You could see Duvessa (fast, inner flame) and Dowan (inner flame).

Vanquished Creatures
  A scorpion (D:4)
  A worm (D:2)
  3 dart slugs
  3 ball pythons
  3 bats
  3 endoplasms
  A giant cockroach (D:2)
  A goblin (D:1)
  4 hobgoblins
  A frilled lizard (D:1)
  2 kobolds (D:1)
23 creatures vanquished.

Notes
Turn   | Place    | Note
-------+----------+-------------------------------------------
     0 | D:1      | Aibolit the Human Hunter began the quest for the Orb.
     0 | D:1      | Reached XP level 1. HP: 16/16 MP: 1/1
   264 | D:1      | Reached XP level 2. HP: 22/22 MP: 2/2
   545 | D:2      | Reached XP level 3. HP: 27/27 MP: 3/3
   608 | D:2      | You fall into a shaft and drop 2 floors!
   611 | D:4      | Noticed a scorpion
   619 | D:4      | Killed a scorpion
   620 | D:4      | Reached skill level 5 in Ranged Weapons
   620 | D:4      | Reached XP level 4. HP: 24/34 MP: 4/4
   952 | D:4      | Noticed Duvessa
   954 | D:4      | Noticed Dowan
   964 | D:4      | Slain by Duvessa

Illustrated notes

Levels and vault maps discovered:
D:1:      minmay_arrival_shattered_statue, layout_basic
D:2:      layout_basic
D:4:      kennysheep_big_flooded_room, layout_basic, general_overflow_altar,
          kennysheep_mini_moat, hangedman_decor_diamond_cutter,
          chequers_serial_rivers_micro_b, serial_bayou_pond_c, uniq_duvessa

Skill      XL: |  1  2  3 |
---------------+----------+-----
Ranged Weapons | 5 |  5.4
Fighting       | |  2.5
Armour         | |  0.6
Dodging        | |  2.0
Stealth        | |  1.0

Action                   |  1- 3 |  4- 6 || total
-------------------------+-------+-------++-------
Melee: Shortbow          |       |     1 ||     1
 Fire: Shortbow          |    44 |    15 ||    59
  Use: Scroll            |       |     1 ||     1
Armor: Leather armour    |     1 |       ||     1
Dodge: Dodged            |    12 |     2 ||    14
